 Dungeon Crawl Stone Soup version 0.32-a0-898-g7811c86cf0 (webtiles) character file.

Game seed: 11028337508374001692

32 KennySheep the Sneak (level 3, -1/30 HPs)
             Began as an Armataur Delver on Apr 5, 2024.
             Incinerated by a bombardier beetle (4 damage)
             ... with a burning spray
             ... on level 5 of the Dungeon.
             The game lasted 00:02:10 (503 turns).

KennySheep the Sneak (Armataur Delver)               Turns: 503, Time: 00:02:11

Health: -1/30      AC:  4    Str: 17    XL:     3   Next: 10%
Magic:  3/3        EV:  8    Int: 10    God:
Gold:   0          SH:  0    Dex: 13    Spells: 2/2 levels left

rFire   . . .        a - +0 short sword
rCold   . . .        (no shield)
rNeg    . . .        b - +0 leather armour
rPois   .            (no helmet)
rElec   .            (no cloak)
rCorr   .            (no gloves)
SInv    .            (no barding)
Will    .....        (no amulet)
Stlth   +            (no ring)
HPRegen 0.25/turn    (no ring)
MPRegen 0.08/turn

%: roll
@: on fire, glowing
A: large, deformed body, tough skin 3, armoured tail, rollpage 1
a: no special abilities


You were on level 5 of the Dungeon.
You visited 1 branch of the dungeon, and saw 2 of its levels.

Inventory:

Hand Weapons
 a - a +0 short sword (weapon)
Armour
 b - a +0 leather armour (worn)
Wands
 g - a wand of digging (3)
Scrolls
 c - a scroll of fog
 d - a scroll of revelation
 h - a scroll of identify {unknown}
Potions
 f - 2 potions of haste


   Skills:
 + Level 2.9 Fighting
 * Level 2.4 Short Blades
 - Level 1.3 Dodging
 * Level 5.9 Stealth


You had 2 spell levels left.
You didn't know any spells.
Your spell library was empty.

Dungeon Overview and Level Annotations

Branches:
Dungeon (6/15)
 Temple: D:4-7

Altars:

Annotations:
D:6 1 runed translucent door, epsilonplus's ghost, novice CoBr


Innate Abilities, Weirdness & Mutations

Armour fits poorly on your strangely shaped body.
You have extremely tough skin. (AC +3)
You have a long armoured tail.
You regenerate magic when rolling toward enemies. (Rampage MPRegen)


Message History

An orc comes into view. It is wielding a +1 dagger of venom.
You start waiting.
Done waiting.
You start waiting.
An orc warrior is nearby!
An orc wizard comes into view. It is wielding a +0 dagger.
You start waiting.
A bombardier beetle is nearby!
The bombardier beetle sprays incendiary fluid at you.
The burning spray hits you.
You are covered in liquid fire!
You barely miss the bombardier beetle. The liquid fire burns you!
You hit the bombardier beetle but do no damage.
The liquid fire burns you! The bombardier beetle bites you.
You hit the bombardier beetle. You tail-slap the bombardier beetle.
The bombardier beetle is heavily wounded.
The liquid fire burns you!
You hit the bombardier beetle.
The bombardier beetle is heavily wounded.
The liquid fire burns you!
The bombardier beetle bites you but does no damage.
You hit the bombardier beetle.
The bombardier beetle is severely wounded.
The liquid fire burns you!
You hit the bombardier beetle.
Your tail-slap misses the bombardier beetle.
The bombardier beetle is almost dead.
The liquid fire burns you!
* * * LOW HITPOINT WARNING * * *
The bombardier beetle bites you but does no damage.
You hit the bombardier beetle but do no damage.
The bombardier beetle is almost dead.
The liquid fire burns you!
* * * LOW HITPOINT WARNING * * *
You hit the bombardier beetle.
The bombardier beetle is almost dead.
The liquid fire burns you!
You die...

#.# ..... #. #.#
#.#.### #. #.#
#.#.# ## #.# #.#
# # #.########
#o# # #########
#........# #.#.#
#........
########.#
###.#.#
##.####### #.#
#.B...###...## #
#.#
#@#.####.....# #
#.#
#.#..........# #
####.#
#.######.....# .
#....# #.#
##...## # #.#..#
#.###########
#...####........
##.## #.........
#.# #.########
#.# #.#


You could see a bombardier beetle.

Vanquished Creatures
  An orc wizard (D:5)
  A shadow imp (D:5)
2 creatures vanquished.

Notes
Turn   | Place    | Note
-------+----------+-------------------------------------------
     0 | D:5      | KennySheep the Armataur Delver began the quest for the Orb.
     0 | D:5      | Reached XP level 1. HP: 18/18 MP: 1/1
    37 | D:6      | Noticed epsilonplus's ghost (novice CoBr)
    37 | D:6      | Noticed an orc warrior
    37 | D:6      | Noticed an orc wizard
    37 | D:6      | Found a runed translucent door.
    46 | D:5      | Killed an orc wizard
    47 | D:5      | Reached XP level 2. HP: 21/25 MP: 2/2
    56 | D:6      | Noticed a scorpion
   128 | D:5      | Noticed an orc warrior
   156 | D:5      | Noticed a bombardier beetle
   174 | D:5      | Reached XP level 3. HP: 16/30 MP: 3/3
   503 | D:5      | Incinerated by a bombardier beetle

Illustrated notes

Levels and vault maps discovered:
D:5:      layout_loops_ring, kennysheep_cross_room, minmay_misc_feat_x,
          uniq_blork_the_orc
D:6:      minmay_flawed_box, layout_rooms, xom_redecorated,
          gup_sewer_entry_spiral, hellmonk_ghost_happy_afterlife

Skill      XL: |  1 |
---------------+----+-----
Short Blades   | 2 |  2.4
Fighting       | |  2.9
Dodging        | |  1.3
Stealth        | |  5.9

Action                     || total
---------------------------++-------
  Melee: Short sword       ||    24
         Tailslap          ||     4
    Use: Scroll            ||     1
 Armour: Leather armour    ||    10
  Dodge: Dodged            ||     4

Table legend: (Time is in decaauts)
 A = Elapsed time spent in this place.
 B = Non-inter-level travel time spent in this place.
 C = Inter-level travel time spent in this place.
 D = Time resting spent in this place.
 E = Time spent auto-exploring this place.
 F = Levels seen in this place.
 G = Mean time per level.
                   A        B        C        D        E       F      G
               +--------+--------+--------+--------+--------+-----+--------+
         Total |    501 |    461 |     40 |    251 |     63 |   2 |  250.5 |
       Dungeon |    501 |    461 |     40 |    251 |     63 |   2 |  250.5 |
               +--------+--------+--------+--------+--------+-----+--------+

Top non-repeatable levels by time:
     D:5: 492 daAuts
     D:6: 8 daAuts
